 Dungeon Sprint DCSS version 0.21-a0-274-gc1afaeb (webtiles) character file.

39814 potatolord6000 the Executioner (level 14, -13/151 HPs)
             Began as a Hill Orc Monk on Sept 19, 2017.
             Was the Champion of Beogh.
             Killed from afar by a fire dragon (18 damage)
             ... with a blast of flame
             ... in the Dungeon (Sprint VII: "The Pits").
             The game lasted 00:22:17 (3164 turns).

potatolord6000 the Executioner (Hill Orc Monk)      Turns: 3164, Time: 00:22:18

Health: -13/151    AC: 34    Str: 19    XL:     14   Next: 8%
Magic:  8/38       EV:  6    Int: 13    God:    Beogh [******]
Gold:   39         SH:  0    Dex: 13    Spells: 13/13 levels left

rFire    . . .     SeeInvis .   s - +3 broad axe (freeze)
rCold    . . .     Gourm    .   (no shield)
rNeg     + . .     Faith    .   j - +0 crystal plate armour
rPois    +         Spirit   .   (no helmet)
rElec    .         Reflect  .   p - +1 cloak {rPois}
rCorr    .         Harm     .   t - +0 pair of gloves
MR       +....     NoTele   +   (no boots)
Stlth    ..........             (no amulet)
HPRegen  0.35/turn              b - +3 ring of protection
MPRegen  0.26/turn              q - ring "Gecrecku" {*Slow rPois rN+ MP+9 Int+3}

@: berserk cooldown, slowed, very slow
A: walk on water
a: Smiting, Recall Orcish Followers, Give Item to Named Follower, Resurrection,
Renounce Religion


You were in the Dungeon.
You worshipped Beogh.
Beogh was exalted by your worship.
You were very full.

You visited 1 branch You collected 39 gold pieces.

Inventory:

Hand Weapons
 f - the +8 spear of the Abyss {pierce, rN+ Str+4 Stlth-}
   (You found it in the Dungeon)

   It inflicts extra damage upon your enemies.
   It affects your strength (+4).
   It protects you from negative energy.
   It makes you less stealthy.
 s - a +3 broad axe of freezing (weapon)
Armour
 j - a +0 crystal plate armour (worn)
 p - a +1 cloak of poison resistance (worn)
 t - a +0 pair of gloves (worn)
 u - a +7 plate armour
Jewellery
 b - a +3 ring of protection (left hand)
 q - the ring "Gecrecku" (right hand) {*Slow rPois rN+ MP+9 Int+3}
   (You found it in the Dungeon)

   [ring of magical power]

   It affects your intelligence (+3).
   It protects you from poison.
   It protects you from negative energy.
   It affects your magic capacity (+9).
   It may slow you when you take damage.
Scrolls
 k - 5 scrolls of remove curse
 l - 5 scrolls of amnesia
 v - 3 scrolls of recharging
 w - a scroll of fog
Potions
 a - a potion of invisibility
 d - 8 potions of curing
 g - 3 potions of magic
 h - 2 potions of berserk rage
Comestibles
 c - 9 bread rations
 n - 40 fruits
 o - 4 meat rations
 z - a royal jelly


   Skills:
 + Level 21.2 Fighting
 + Level 22.6 Axes
 + Level 19.4 Armour
 - Level 2.4 Dodging
 - Level 1.5 Stealth
 + Level 22.2 Invocations


You had 13 spell levels left.
You didn't know any spells.

Dungeon Overview and Level Annotations

Branches:
Dungeon (1/1)

Altars:
Ashenzari
Cheibriados
Dithmenos
Elyvilon
Fedhas
Gozag
Hepliaklqana
Kikubaaqudgha
Makhleb
Nemelex Xobeh
Okawaru
Qazlal
Ru
Sif Muna
Trog
Uskayaw
Vehumet
Wu Jian
Xom
Yredelemnul
Zin
The Shining One
Beogh
Jiyva
Lugonu


Message History

Unknown command.
Unknown command.
Aiming: Smiting
Press: ? - help, Dir - move target cursor, f - bone dragon Smite: a bone dragon (lightly damaged)
You smite the bone dragon!
The bone dragon is lightly damaged.
The yaktaur unwields an uncursed arbalest.
The yaktaur hits you but does no damage.
The fire dragon bites you but does no damage.
The fire dragon claws you but does no damage.
The fire dragon tramples you but does no damage.
The bone dragon bites you but does no damage.
The bone dragon claws you but does no damage.
The bone dragon tramples you but does no damage.
Unknown command.
Unknown command.
The fire dragon breathes flames at you. The blast of flame hits you!
You die...

*,,,,,,**,,,,,,,,,,,,,,,,,**,*,,,
*,,,,,,**,,,,,,,,,,,,,,,,,***+*,*
**,,,****,,,,,,,,,,,,,,,,,***,***
,.#,*,,***,,,,,,,,,,,,,,,***,,,+,
....,,,* ***,,,,,,,,,,,*** **,***
..#.#,,* **++********* *** *
##...##*#####++#####*************
#....).*#...XZc....#*<<<<*,,,,**,
#.....)##..N.sD.@..#*<<<<+,,,+*,,
#.....†))(.#.HD.#..#*<<<<*,,+*,,,
#.....))'.....E....#*********,,,,
#########.)........#*,,,,,,,,,,,,
#########..#....#..#*,,,,,,,,,,,,
.......''..........#*,,,,,,,,,,,,
...)...''..........#****++***,,,,
#####).##..#....#..#*,,,,,,,**,,,
#.#.#).##..........++,,,,,,,,**,,


You could see a bone dragon, a fire dragon, a minotaur, a large abomination, a
yaktaur, a water elemental, a jumping spider, a naga and a quokka simulacrum.

Vanquished Creatures
  the Lernaean hydra (D)
  A deep elf blademaster (D)
  A death cob (D)
  Kirke (D)
  A frost giant (D)
  A deep elf sorcerer (D)
  2 deep elf demonologists (D)
  A mummy priest (D)
  Josephine (D)
  A naga warrior (D)
  A centaur warrior (D)
  A death knight (D)
  A catoblepas (D)
  An ogre mage (D)
  A merfolk aquamancer (D)
  Urug (D)
  A sun demon (D)
  Nergalle (D)
  A fire crab (D)
  A sixfirhy (D)
  A sea snake (D)
  2 wizards (D)
  2 phantasmal warriors (D)
  2 lindwurms (D)
  A necromancer (D)
  A deep elf mage (D)
  2 manticores (D)
  A cyclops (D)
  6 elephants (D)
  A spiny frog (D)
  2 molten gargoyles (D)
  2 kobold demonologists (D)
  A rime drake (D)
  2 komodo dragons (D)
  A hellwing (D)
  2 demonic crawlers (D)
  An efreet (D)
  2 merfolk (D)
  2 red devils (D)
  2 polar bears (D)
  A wind drake (D)
  A jumping spider (D)
  A hornet (D)
  A snapping turtle (D)
  5 dream sheep (D)
  3 wraiths (D)
  2 vampires (D)
  2 redbacks (D)
  3 water elementals (D)
  A spriggan (D)
  A steam dragon (D)
  A neqoxec (D)
  A warg (D)
  2 nagas (D)
  2 ogres (D)
  9 wolves (D)
  A bullfrog (D)
  A gnoll sergeant (D)
  3 killer bees (D)
  2 crimson imps (D)
  3 jellies (D)
  2 orc priests (D)
  A hound (D)
  An iron imp (D)
  A hell rat (D)
  A gnoll (D)
  An adder (D)
  An ufetubus (D)
  3 oozes (D)
  An adder skeleton (D)
  3 orcs (D)
  A bat skeleton (D)
  A giant cockroach (D)
  3 goblins (D)
  2 ball pythons (D)
  A ball python skeleton (D)
  A ball python zombie (D)
  A bat (D)
  A bat simulacrum (D)
  A jackal zombie (D)
  2 leopard gecko zombies (D)
132 creatures vanquished.

Vanquished Creatures (collateral kills)
  A fire giant (D)
  An eidolon (D)
  An unseen horror (D)
  A wolf spider (D)
  A hellwing (D)
  A hornet (D)
  2 dream sheep (D)
  2 redbacks (D)
  A tarantella (D)
  A yak (shapeshifter) (D)
  A wraith (D)
  A phantom (D)
  2 wolves (D)
  A crocodile (D)
  2 killer bees (D)
  An orc wizard (D)
  An orc priest (D)
  A gnoll (D)
22 creatures vanquished.

Vanquished Creatures (others)
  A merfolk avatar (D)
  2 orc knights (D)
  4 orc sorcerers (D)
  A human (D)
  A killer bee (D)
  An orc priest (D)
  A gnoll (D)
  An ufetubus (D)
  An adder simulacrum (D)
  7 orcs (D)
20 creatures vanquished.

Grand Total: 174 creatures vanquished

Notes
Turn   | Place    | Note
-------+----------+-------------------------------------------
     0 | D        | potatolord6000 the Hill Orc Monk began the quest for the Orb.
     0 | D        | Reached XP level 1. HP: 19/19 MP: 1/1
    50 | D        | Found a bloodstained altar of Trog.
    50 | D        | Found a deep blue altar of Sif Muna.
    50 | D        | Found a viscous altar of Jiyva.
    50 | D        | Found a hazy altar of Hepliaklqana.
    50 | D        | Found an opulent altar of Gozag.
    51 | D        | Found a glowing golden altar of the Shining One.
    51 | D        | Found a glowing silver altar of Zin.
    51 | D        | Found a basalt altar of Yredelemnul.
    51 | D        | Found a shimmering altar of Xom.
    51 | D        | Found an ornate altar of the Wu Jian Council.
    51 | D        | Found a sacrificial altar of Ru.
    51 | D        | Found a stormy altar of Qazlal.
    51 | D        | Found an iron altar of Okawaru.
    51 | D        | Found a sparkling altar of Nemelex Xobeh.
    51 | D        | Found a burning altar of Makhleb.
    51 | D        | Found a blossoming altar of Fedhas.
    51 | D        | Found a white marble altar of Elyvilon.
    51 | D        | Found a shadowy altar of Dithmenos.
    51 | D        | Found a snail-covered altar of Cheibriados.
    53 | D        | Found a radiant altar of Vehumet.
    53 | D        | Found a corrupted altar of Lugonu.
    53 | D        | Found a roughly hewn altar of Beogh.
    55 | D        | Found an ancient bone altar of Kikubaaqudgha.
    55 | D        | Found a hide-covered altar of Uskayaw.
    55 | D        | Found a shattered altar of Ashenzari.
    63 | D        | Became a worshipper of Beogh the Brigand
    63 | D        | Reached * piety under Beogh
    63 | D        | Reached ** piety under Beogh
    84 | D        | Reached skill level 1 in Armour
    97 | D        | Reached skill level 1 in Invocations
   108 | D        | Reached *** piety under Beogh
   108 | D        | Reached skill level 5 in Axes
   108 | D        | Reached XP level 2. HP: 27/28 MP: 1/3
   131 | D        | Reached skill level 5 in Fighting
   131 | D        | Reached XP level 3. HP: 9/36 MP: 3/5
   134 | D        | Reached **** piety under Beogh
   409 | D        | Reached XP level 4. HP: 32/44 MP: 5/7
   417 | D        | Reached ***** piety under Beogh
   417 | D        | Reached skill level 5 in Invocations
   434 | D        | Reached skill level 5 in Armour
   434 | D        | Reached XP level 5. HP: 41/52 MP: 4/9
   504 | D        | Noticed Urug
   518 | D        | Killed Urug
   518 | D        | Reached skill level 10 in Fighting
   518 | D        | Reached skill level 10 in Invocations
   518 | D        | Reached XP level 6. HP: 67/67 MP: 7/13
   518 | D        | Reached XP level 7. HP: 73/73 MP: 7/14
   533 | D        | Reached ****** piety under Beogh
   565 | D        | Noticed a hellwing
   570 | D        | Reached XP level 8. HP: 81/81 MP: 14/16
   611 | D        | Killed a hellwing
   611 | D        | Reached skill level 10 in Armour
   742 | D        | Noticed a rime drake
   743 | D        | Noticed a redback
   750 | D        | Killed a redback
   753 | D        | Killed a rime drake
   753 | D        | Reached XP level 9. HP: 51/90 MP: 16/18
   762 | D        | Noticed a hornet
   762 | D        | Noticed a lindwurm
   765 | D        | Killed a lindwurm
   765 | D        | Killed a hornet
   956 | D        | Noticed a molten gargoyle
   957 | D        | Killed a molten gargoyle
   979 | D        | Noticed a phantasmal warrior
   982 | D        | Killed a phantasmal warrior
  1041 | D        | Noticed a manticore
  1043 | D        | Killed a manticore
  1043 | D        | Reached XP level 10. HP: 94/102 MP: 16/20
  1044 | D        | Reached skill level 15 in Axes
  1143 | D        | Noticed a lindwurm
  1146 | D        | Killed a lindwurm
  1146 | D        | Reached skill level 15 in Invocations
  1235 | D        | Reached skill level 15 in Fighting
  1240 | D        | Noticed a sea snake
  1251 | D        | Killed a sea snake
  1251 | D        | Reached XP level 11. HP: 71/112 MP: 20/22
  1652 | D        | Noticed Kirke
  1652 | D        | Noticed a merfolk avatar
  1656 | D        | Killed Kirke
  1661 | D        | Killed a merfolk avatar
  1681 | D        | Gained Alork as an ally
  1685 | D        | Noticed a phantasmal warrior
  1694 | D        | Killed a phantasmal warrior
  1694 | D        | Reached skill level 15 in Armour
  1966 | D        | Killed an unseen horror
  2041 | D        | Got the ring of Vanity {rF+ MR+ Dex+2 Stlth-}
  2144 | D        | Noticed an eidolon
  2144 | D        | Noticed a death cob
  2148 | D        | Killed a death cob
  2148 | D        | Reached XP level 12. HP: 117/125 MP: 14/25
  2151 | D        | Killed an eidolon
  2252 | D        | Noticed a centaur warrior
  2256 | D        | Killed a centaur warrior
  2399 | D        | Noticed Josephine
  2405 | D        | Killed Josephine
  2586 | D        | Noticed a deep elf demonologist
  2586 | D        | Noticed a deep elf demonologist
  2586 | D        | Noticed a frost giant
  2586 | D        | Noticed an ogre mage
  2588 | D        | Killed a deep elf demonologist
  2590 | D        | Killed a deep elf demonologist
  2592 | D        | Killed an ogre mage
  2597 | D        | Killed a frost giant
  2619 | D        | Got the +8 spear of the Abyss {pierce, rN+ Str+4 Stlth-}
  2621 | D        | Got the ring "Gecrecku" {*Slow rPois rN+ MP+9 Int+3}
  2738 | D        | Reached XP level 13. HP: 109/137 MP: 26/26
  2757 | D        | Noticed Nergalle
  2760 | D        | Noticed a deep elf blademaster
  2766 | D        | Killed a deep elf blademaster
  2816 | D        | Killed Nergalle
  3108 | D        | Noticed a deep elf sorcerer
  3112 | D        | Killed a deep elf sorcerer
  3116 | D        | Noticed a mummy priest
  3125 | D        | Noticed a fire giant
  3127 | D        | Noticed a bone dragon
  3145 | D        | Killed a mummy priest
  3147 | D        | Noticed the 27-headed Lernaean hydra
  3147 | D        | Killed a fire giant
  3149 | D        | Noticed a fire dragon
  3154 | D        | Noticed a minotaur
  3154 | D        | Your ally Alork died
  3155 | D        | Killed the 27-headed Lernaean hydra
  3155 | D        | Reached XP level 14. HP: 28/151 MP: 10/29
  3156 | D        | HP: 7/151 [bone dragon (15)]
  3156 | D        | HP: 2/151 [bone dragon (5)]
  3164 | D        | Killed from afar by a fire dragon

Vault maps used:
D:        pitsprint

Skill      XL: |  1  2  3  4  5  6  7  8  9 10 11 12 13 |
---------------+----------------------------------------+-----
Armour         | 2 3 5 8 9 10 12 13 15 17 19 | 19.4
Fighting       | 4 5 7 10 12 13 15 17 19 21 | 21.2
Invocations    | 2 3 4 5 10 12 14 15 18 19 22 | 22.2
Axes           | 5 6 7 11 13 14 16 18 20 22 | 22.6
Dodging        | |  2.4
Stealth        | |  1.5

Action                   |  1- 3 |  4- 6 |  7- 9 | 10-12 | 13-15 || total
-------------------------+-------+-------+-------+-------+-------++-------
Melee: Hand axe          |    51 |    35 |    48 |       |       ||   134
       Broad axe         |       |       |    19 |   127 |    81 ||   227
Invok: Smiting           |       |     2 |     5 |    39 |    26 ||    72
       Resurrection      |       |       |     2 |     3 |       ||     5
       Recall Orcish Fol |       |       |       |       |     2 ||     2
  Use: Potion            |     2 |     3 |     5 |     3 |    16 ||    29
       Scroll            |       |       |       |     7 |     2 ||     9
 Stab: Sleeping          |     3 |       |       |       |       ||     3
       Invisible         |       |     2 |     1 |       |       ||     3
       Confused          |       |       |     3 |       |       ||     3
       Paralysed         |       |       |       |     5 |     1 ||     6
       Distracted        |       |       |       |     5 |       ||     5
       Petrifying        |       |       |       |       |     1 ||     1
       Petrified         |       |       |       |       |     1 ||     1
  Eat: Meat ration       |     1 |       |       |     2 |       ||     3
Armor: Robe              |    13 |       |       |       |       ||    13
       Plate armour      |    10 |    17 |    45 |   159 |   115 ||   346
       Crystal plate arm |       |       |       |       |   136 ||   136
Dodge: Dodged            |    36 |     8 |    32 |    82 |    62 ||   220

Table legend:
 A = Spawn XP
 B = Non-spawn XP
 C = Spawn XP percentage of total XP
 D = Spawn monster count
 E = Non-spawn monster count
 F = Spawn count percentage of total count
 G = Total turns spent on level
                    A         B        C        D         E        F      G
               +---------+---------+-------+---------+---------+-------+---------
         Total |       0 |   56878 |   0.0 |       0 |     156 |   0.0 |  3164
               +---------+---------+-------+---------+---------+-------+---------
             D |       0 |   56878 |   0.0 |       0 |     156 |   0.0 |  3164
               +---------+---------+-------+---------+---------+-------+---------
